 Dungeon Crawl Stone Soup version 0.31.0-9-g3a7656b989 (webtiles) character file.

Game seed: 998993777665633605

280 qw the Skirmisher (level 6, -1/36 HPs)
             Began as a Deep Elf Hunter on Feb 2, 2024.
             Incinerated by a bombardier beetle (5 damage)
             ... with a burning spray
             ... on level 4 of the Dungeon.
             The game lasted 00:00:09 (2796 turns).

qw the Skirmisher (Deep Elf Hunter)                 Turns: 2796, Time: 00:00:09

Health: -1/36      AC:  6    Str:  9    XL:     6   Next: 5%
Magic:  8/8        EV: 11    Int: 13    God:
Gold:   159        SH:  0    Dex: 22    Spells: 5/5 levels left

rFire   . . .        a - +1 shortbow
rCold   . . .        (shield currently unavailable)
rNeg    . . .        d - +0 ring mail
rPois   .            i - +0 helmet
rElec   +            (no cloak)
rCorr   .            (no gloves)
SInv    .            (no boots)
Will    +....        (no amulet)
Stlth   +            e - ring of willpower
HPRegen 0.26/turn    (no ring)
MPRegen 0.11/turn

%: no passive effects
@: on fire, about to teleport, glowing
A: agile 1, electricity resistance, wild magic 1
a: no special abilities


You were on level 4 of the Dungeon.
You visited 1 branch of the dungeon, and saw 4 of its levels.

You collected 159 gold pieces.


Innate Abilities, Weirdness & Mutations

You are agile. (Dex +4, Str/Int -1)
You are resistant to electric shocks. (rElec)
Your spells are a little harder to cast, but a little more powerful.


   Skills:
 - Level 2.4 Fighting
 + Level 9.0 Ranged Weapons
 - Level 3.0 Dodging
 - Level 1.2 Stealth


You had 5 spell levels left.
You didn't know any spells.
Your spell library was empty.

Inventory:

Hand Weapons
 a - a +1 shortbow (weapon)
Armour
 d - a +0 ring mail (worn)
 i - a +0 helmet (worn)
Jewellery
 e - a ring of willpower (left hand)
 h - the ring of the Curious Souls {rElec EV+5 Slay+2}
   (You found it on level 4 of the Dungeon)

   [ring of evasion]

   EV+5:      It affects your evasion (+5).
   Slay+2:    It affects your accuracy & damage with ranged weapons and melee
   (+2).
   rElec:     It insulates you from electricity.
 j - a +6 ring of intelligence
Wands
 c - a wand of iceblast (8)
Potions
 b - a potion of enlightenment
 f - a potion of mutation
 g - a potion of cancellation
 l - a potion of curing {unknown}

Dungeon Overview and Level Annotations

Branches:
Dungeon (4/15)
 Temple: D:4-7

Altars:
Ashenzari
Vehumet
The Shining One


Message History

l - a fizzy green potion A bombardier beetle comes into view.
Enter note: You shoot an arrow.
The arrow hits the bombardier beetle but does no damage.
The bombardier beetle sprays incendiary fluid at you.
The burning spray hits you.
You are covered in liquid fire!
You shoot an arrow.
The arrow closely misses the bombardier beetle.
The liquid fire burns you!
You shoot an arrow. The arrow hits the bombardier beetle.
The bombardier beetle is moderately wounded.
The liquid fire burns you!
You are on fire!
The liquid fire burns you!
You shoot an arrow.
The arrow completely misses the bombardier beetle.
The liquid fire burns you!
You shoot an arrow.
The arrow hits the bombardier beetle but does no damage.
The bombardier beetle is moderately wounded.
The liquid fire burns you!
You shoot an arrow.
The arrow hits the bombardier beetle but does no damage.
The bombardier beetle is moderately wounded.
The liquid fire burns you!
You shoot an arrow. The arrow hits the bombardier beetle.
The bombardier beetle is moderately wounded.
The liquid fire burns you!
The bombardier beetle bites you but does no damage.
2795 ||| READING scroll of teleportation.
As you read the scroll of teleportation, it crumbles to dust.
You feel strangely unstable. The liquid fire burns you!
The bombardier beetle barely misses you.
You shoot an arrow.
The arrow barely misses the bombardier beetle.
The liquid fire burns you!
You die...

############
#..........#
#.###..###.##########
#.###..#......<......
#.#......#.##########
#.#.#..###.#
#.#.#..###)#
#...@......#
#####B###### #.# ...
#.#. .#.# # ## . #
..# # #. #


You could see a bombardier beetle.

Vanquished Creatures
  A black bear (D:4)
  A scorpion (D:4)
  An iguana (D:4)
  Robin (D:3)
  2 adders (D:2)
  A dart slug (D:2)
  An orc (D:2)
  5 ball pythons
  8 bats
  3 endoplasms
  3 giant cockroaches
  10 goblins
  11 hobgoblins
  6 kobolds
  3 quokkas
  6 frilled lizards
  5 rats
68 creatures vanquished.

Notes
Turn   | Place    | Note
-------+----------+-------------------------------------------
     0 | D:1      | qw the Deep Elf Hunter began the quest for the Orb.
     0 | D:1      | Reached XP level 1. HP: 12/12 MP: 3/3
     0 | D:1      | 0 ||| qw: Version: 0.3-a-155-g5e7d8dd
     0 | D:1      | 0 ||| qw: Game counter: 1231
     0 | D:1      | 0 ||| qw: Melee chars always use a shield: true
     0 | D:1      | 0 ||| qw: God list: Okawaru
     0 | D:1      | 0 ||| qw: Allow faded altars: false
     0 | D:1      | 0 ||| qw: Do Orc after clearing Dungeon:15 true
     0 | D:1      | 0 ||| qw: Do second Lair branch before Depths: true
     0 | D:1      | 0 ||| qw: Lair rune preference: random
     0 | D:1      | 0 ||| qw: Goals: Normal
     0 | D:1      | 0 ||| PLANNING D:1-11
   160 | D:1      | Reached XP level 2. HP: 16/16 MP: 4/4
   190 | D:1      | Reached skill level 6 in Ranged Weapons
   669 | D:1      | 669 ||| READING scroll labelled MIRUEH YTIM.
   670 | D:1      | 670 ||| READING scroll labelled WESTRO PUROSUEB.
   671 | D:1      | 671 ||| READING scroll labelled SELERAJIHA.
   671 | D:1      | 671 ||| IDENTIFYING fizzy clear potion
   672 | D:1      | 672 ||| DRINKING 2 black potions.
   672 | D:1      | Gained mutation: You are agile. (Dex +4, Str/Int -1)
                  | [potion of mutation]
   672 | D:1      | Gained mutation: You are resistant to electric shocks.
                  | (rElec) [potion of mutation]
   672 | D:1      | Gained mutation: Your spells are a little harder to cast,
                  | but a little more powerful. [potion of mutation]
   673 | D:1      | 673 ||| DROPPING scroll of butterflies.
   674 | D:1      | 674 ||| DROPPING potion of attraction.
   709 | D:2      | Reached XP level 3. HP: 20/20 MP: 5/5
   909 | D:2      | 909 ||| UPGRADING to ring of willpower.
   910 | D:2      | 910 ||| READING scroll of identify.
   910 | D:2      | 910 ||| IDENTIFYING pink potion
   911 | D:2      | 911 ||| READING scroll labelled VIAMOU BOFOARUFUHY.
   911 | D:2      | 911 ||| ENCHANTING +0 shortbow.
   912 | D:2      | 912 ||| READING scroll labelled BOUSOCV VIOGI.
   913 | D:2      | 913 ||| READING scroll labelled DEJEPE QIGAMOF.
   914 | D:2      | 914 ||| READING scroll labelled TIRIUCSO XOUFEIDO.
  1015 | D:2      | 1015 ||| READING scroll labelled ADGHO TOTO ESATS.
  1020 | D:2      | 1020 ||| DROPPING potion of ambrosia.
  1075 | D:2      | Reached skill level 7 in Ranged Weapons
  1359 | D:2      | 1359 ||| READING scroll labelled UJITY YWNADI.
  1585 | D:3      | Reached skill level 3 in Dodging
  1677 | D:3      | Found a glowing golden altar of the Shining One.
  1740 | D:3      | Found a broken altar of Ashenzari.
  1743 | D:3      | Reached XP level 4. HP: 25/25 MP: 6/6
  1850 | D:3      | 1850 ||| UPGRADING to +0 ring mail.
  1860 | D:3      | 1860 ||| DROPPING +0 leather armour.
  1861 | D:3      | 1861 ||| READING 2 scrolls of identify.
  1861 | D:3      | 1861 ||| IDENTIFYING fizzy cyan potion
  1862 | D:3      | 1862 ||| READING scroll of identify.
  1862 | D:3      | 1862 ||| IDENTIFYING smoky cyan potion
  2171 | D:3      | Noticed Robin
  2190 | D:3      | Killed Robin
  2462 | D:3      | 2462 ||| UPGRADING to +0 helmet.
  2467 | D:3      | 2467 ||| DRINKING 2 yellow potions.
  2508 | D:4      | Noticed a black bear
  2509 | D:4      | 2509 ||| STAIRDANCE
  2521 | D:4      | HP: 4/25 [black bear (3)]
  2522 | D:4      | 2522 ||| READING scroll of teleportation.
  2523 | D:4      | 2523 ||| DRINKING potion of heal wounds.
  2524 | D:4      | Killed a black bear
  2525 | D:4      | Reached skill level 8 in Ranged Weapons
  2525 | D:4      | Reached XP level 5. HP: 17/29 MP: 7/7
  2594 | D:4      | Found a radiant altar of Vehumet.
  2651 | D:4      | Identified the ring of the Curious Souls {rElec EV+5
                  | Slay+2}
  2663 | D:4      | Reached skill level 9 in Ranged Weapons
  2729 | D:4      | Reached XP level 6. HP: 36/36 MP: 8/8
  2794 | D:4      | HP: 8/36 [burnt (5)]
  2795 | D:4      | 2795 ||| READING scroll of teleportation.
  2796 | D:4      | Incinerated by a bombardier beetle

Levels and vault maps discovered:
D:1:      lightli_arrival_noodles, layout_loops_ring
D:2:      layout_basic, minmay_pentomino_pile
D:3:      layout_loops_ring, mainiacjoe_overflow_brackets,
          evilmike_ruin_ashenzari, serial_bayou_lagoon_a,
          nicolae_figureground_sparkle, uniq_robin
D:4:      layout_loops_cross, mainiacjoe_overflow_chevrons, tgw_sif

Skill      XL: |  1  2  3  4  5 |
---------------+----------------+-----
Ranged Weapons | 6 7 8 9 |  9.0
Dodging        | 3 |  3.0
Fighting       | 2 |  2.4
Stealth        | |  1.2

Action                     |  1- 3 |  4- 6 || total
---------------------------+-------+-------++-------
   Fire: Shortbow          |    97 |    77 ||   174
    Use: Scroll            |    10 |     4 ||    14
         Potion            |     1 |     2 ||     3
 Armour: Leather armour    |    17 |       ||    17
         Ring mail         |       |    41 ||    41
  Dodge: Dodged            |    25 |    46 ||    71

Table legend:
 A = Non-vault XP
 B = Vault XP
 C = Vault XP percentage of total XP
 D = Non-vault monster count
 E = Vault monster count
 F = Vault count percentage of total count
                 A         B        C        D         E       F
            +---------+---------+-------+---------+---------+-------
      Total |     348 |      53 |  13.2 |      54 |      14 |  20.6
            +---------+---------+-------+---------+---------+-------
        D:1 |      38 |       0 |   0.0 |      23 |       0 |   0.0
        D:2 |      29 |      17 |  37.0 |      12 |       2 |  14.3
        D:3 |      19 |      36 |  65.5 |      12 |      12 |  50.0
        D:4 |     262 |       0 |   0.0 |       7 |       0 |   0.0
            +---------+---------+-------+---------+---------+-------
